 Dungeon Crawl Stone Soup version 0.32-a0-450-g080537f31e (webtiles) character file.

Game seed: 14553885912895794975

339202 mdonais the Executioner (level 21, -21/213 (214) HPs)
             Began as a Mountain Dwarf Fighter on Feb 24, 2024.
             Was the Champion of Beogh.
             Killed from afar by a deep elf sorcerer (37 damage)
             ... with a bolt of acid
             ... on level 3 of the Elven Halls.
             The game lasted 02:29:19 (43214 turns).

mdonais the Executioner (Mountain Dwarf Fighter)   Turns: 43214, Time: 02:29:20

HP:   -21/213 (214) AC: 47    Str: 28    XL:     21   Next: 4%
MP:   1/27          EV:  9    Int: 15    God:    Beogh [******]
Gold: 1552          SH:  0    Dex: 12    Spells: 26/28 levels left

rFire   + . .        e - +9 executioner's axe "Death Rattle" {flame, +Blink Int+2}
rCold   . . .        (shield currently unavailable)
rNeg    + . .        d - +11 crystal plate armour "Kiemomig" {rN+ Dex+3}
rPois   +            z - +0 helmet
rElec   +            r - scarf "Nohaucre" {repulsion, rPois rF+}
rCorr   .            X - +1 pair of gloves {infuse}
SInv    .            f - +2 pair of boots {rampage}
Will    +++..        l - amulet "Vulel" {Faith +Blink Regen+ Int+2} Stlth
                     a - +4 ring of protection
HPRegen 1.35/turn    D - ring "Enaladgha" {rElec Will+ Stlth+}
MPRegen 0.20/turn

%: repel missiles, rampage, faith, infuse magic (1 MP)
@: corroded, chanting a vengeful prayer, studying Throwing, lightly drained
A: walk on water, runic magic, artefact enchanting
}: 2/15 runes: serpentine, barnacled
a: Renounce Religion, Evoke Blink, Smiting, Recall Apostles, Blood for Blood,
Dismiss Bogbrand, priest, Dismiss Gorg, warrior, Dismiss Syrus, wizard


You were on level 3 of the Elven Halls.
You worshipped Beogh.
Beogh was exalted by your worship.
You visited 8 branches of the dungeon, and saw 36 of its levels.
You also visited: Sewer, Bailey and Ice Cave.

You collected 6566 gold pieces.
You spent 5014 gold pieces at shops.

Inventory:

Hand Weapons
 e - the +9 executioner's axe "Death Rattle" (weapon) {flame, +Blink Int+2}
   (You acquired it on level 2 of the Shoals)

   Int+2:     It affects your intelligence (+2).
   +Blink:    It lets you blink.
Missiles
 x - 24 silver javelins
 F - 8 curare-tipped darts
 Z - 8 throwing nets {=!f}
Armour
 d - the +11 crystal plate armour "Kiemomig" (worn) {rN+ Dex+3}
   (You took it off a merfolk javelineer on level 4 of the Shoals)

   Dex+3:     It affects your dexterity (+3).
   rN+:       It protects you from negative energy.
 f - a +2 pair of boots of rampaging (worn)
   (You found it in an ice cave)
 m - a +1 tower shield of cold resistance
   (You found it in an ice cave)
 r - the scarf "Nohaucre" (worn) {repulsion, rPois rF+}
   (You bought it in a shop on level 2 of the Vaults)

   rF+:       It protects you from fire.
   rPois:     It protects you from poison
 z - a +0 helmet (worn)
   (You found it on level 4 of the Dungeon)
 C - the +1 pair of gloves of Blue Satisfaction {Dex+2}
   (You bought it in a shop on level 1 of the Vaults)

   Dex+2:     It affects your dexterity (+2).
 X - a +1 pair of gloves of infusion (worn)
   (You found it on level 2 of the Lair of Beasts)
Jewellery
 a - a +4 ring of protection (left hand)
   (You found it on level 2 of the Shoals)
 c - a ring of protection from cold
   (You bought it in a shop on level 3 of the Snake Pit)
 k - a ring of fire
   (You found it on level 2 of the Shoals)
 l - the amulet "Vulel" (around neck) {Faith +Blink Regen+ Int+2}
   (You acquired it on level 7 of the Dungeon)

   [amulet of faith]

   Faith:     It allows you to gain divine favour quickly.
   Int+2:     It affects your intelligence (+2).
   +Blink:    It lets you blink.
   Regen+:    It increases your rate of health regeneration.
 s - a ring of see invisible
   (You found it on level 12 of the Dungeon)
 D - the ring "Enaladgha" (right hand) {rElec Will+ Stlth+}
   (You bought it in a shop on level 1 of the Elven Halls)

   [ring of willpower]

   rElec:     It insulates you from electricity.
   Will+:     It increases your willpower.
   Stlth+:    It makes you more stealthy.
 O - a +4 ring of protection
   (You took it off Erica on level 9 of the Dungeon)
Wands
 y - a wand of roots (23)
   (You found it on level 4 of the Dungeon)
 G - a wand of mindburst (58) (quivered)
   (You found it on level 5 of the Dungeon)
 L - a wand of light (26)
   (You found it on level 8 of the Dungeon)
 P - a wand of charming (32)
   (You took it off Erica on level 9 of the Dungeon)
Scrolls
 g - 6 scrolls of immolation
 h - 10 scrolls of fear
 t - 4 scrolls of revelation
 u - 2 scrolls of silence
 B - 5 scrolls of blinking
 E - 3 scrolls of poison
 T - 13 scrolls of teleportation
 W - a scroll of fog
Potions
 i - 7 potions of mutation
 j - 4 potions of cancellation
 n - 3 potions of might
 p - 2 potions of invisibility
 q - 3 potions of attraction
 w - 6 potions of enlightenment
 H - 7 potions of haste
 K - 2 potions of resistance
 N - 6 potions of lignification
 Q - 8 potions of curing
 S - 2 potions of ambrosia
 U - 2 potions of magic
Miscellaneous
 A - a lightning rod (4/4)
   (You found it on level 1 of the Orcish Mines)
 Y - a tin of tremorstones (2/2)
   (You found it on level 4 of the Shoals)


   Skills:
 - Level 24.0 Fighting
 - Level 24.0 Axes
 - Level 4.0 Throwing
 * Level 20.8 Armour
 + Level 7.7 Dodging
 - Level 13.6 Shields
 - Level 4.0 Spellcasting
 - Level 0.1 Translocations
 - Level 8.0 Invocations
 - Level 9.0 Evocations


You had 26 spell levels left.
You knew the following spells:

 Your Spells              Type           Power      Damage    Failure   Level
a - Blink                 Tloc           6%         N/A       41%         2

Your spell library contained the following spells:

 Spells                   Type           Power      Damage    Failure   Level
 Foxfire                  Conj/Fire      12%        2x1d4     32%         1
 Magic Dart               Conj           12%        1d3       32%         1
 Necrotise                Necr           12%        1d4       32%         1
 Shock                    Conj/Air       12%        1d3       32%         1
 Sting                    Conj/Alch      12%        1d3       32%         1
 Call Imp                 Summ           6%         N/A       43%         2
 Mercury Vapours          Alch/Air       6%         N/A       43%         2
 Searing Ray              Conj           6%         2d4       43%         2
 Sublimation of Blood     Necr           3%         N/A       43%         2
 Dazzling Flash           Conj/Hex       6%         N/A       67%         3
 Hailstorm                Conj/Ice       3%         3d5       67%         3
 Inner Flame              Hex/Fire       3%         N/A       67%         3
 Mephitic Cloud           Conj/Alch/Air  3%         N/A       67%         3
 Ozocubu's Armour         Ice            3%         N/A       67%         3
 Summon Ice Beast         Ice/Summ       3%         N/A       67%         3
 Swiftness                Air            3%         N/A       67%         3
 Vampiric Draining        Necr           3%         2d6       67%         3
 Volatile Blastmotes      Fire/Tloc      6%         2d10      67%         3
 Airstrike                Air            1%         2d(1-17)  97%         4
 Flame Wave               Conj/Fire      3%         2d5       97%         4
 Fulminant Prism          Conj/Alch      1%         3d5       97%         4
 Ignite Poison            Fire/Alch      3%         N/A       97%         4
 Martyr's Knell           Necr/Summ      3%         N/A       97%         4
 Olgreb's Toxic Radiance  Alch           3%         N/A       97%         4
 Sticky Flame             Fire/Alch      3%         2d4       97%         4
 Curse of Agony           Necr           3%         N/A       100%        5
 Metabolic Englaciation   Hex/Ice        1%         N/A       100%        5
 Silence                  Hex/Air        1%         N/A       100%        5
 Summon Mana Viper        Hex/Summ       3%         N/A       100%        5
 Plasma Beam              Fire/Air       1%         2x1d11    100%        6
 Sculpt Simulacrum        Ice/Alch       1%         N/A       100%        6
 Starburst                Conj/Fire      1%         6d3       100%        6
 Ozocubu's Refrigeration  Ice            1%         4d7       100%        7
 Summon Hydra             Summ           1%         N/A       100%        7
 Discord                  Hex            1%         N/A       100%        8
 Ignition                 Fire           1%         3d3       100%        8
 Maxwell's Capacitive Co  Air            1%         ∞         100%        8


Dungeon Overview and Level Annotations

Branches:
Dungeon (15/15) Zot: 25397  Temple (1/1) D:5 Zot: 5994    Lair (5/5) D:10 Zot: 23830
 Shoals (4/4) Lair:2 Zot: 18576   Snake (4/4) Lair:3 Zot: 19103   Slime (0/5) Lair:5
    Orc (2/2) D:9 Zot: 10349     Elf (3/3) Orc:2 Zot: 14836  Vaults (2/5) D:14 Zot: 8283
 Depths (0/4) D:15          Sewer (visited)          Bailey (visited)
  IceCv (visited)
  Crypt: Vaults:2-3

Altars:
Ashenzari
Cheibriados
Dithmenos
Elyvilon
Fedhas
Gozag
Hepliaklqana
Kikubaaqudgha
Makhleb
Nemelex Xobeh
Okawaru
Qazlal
Ru
Sif Muna
Trog
Uskayaw
Vehumet
Wu Jian
Xom
Yredelemnul
Zin
The Shining One
Jiyva

Shops:
D:4 :   D:8 ?   D:9 *   D:10 *   Orc:1 :   Orc:2 ((*:[   Elf:1 :=:   Elf:2 ?
Shoals:3 (   Snake:3 ((=*   Vaults:1 :(*[!   Vaults:2 [

Portals:
Trove: D:11 (give 14 scrolls of teleportation)

Annotations:
Shoals:1 3 runed translucent doors, Taer's ghost, adept CoFi


Innate Abilities, Weirdness & Mutations

You can walk on water.
Your facial features are unmistakably orcish.
Your spellcasting is much less encumbered by armour.
You can use scrolls of enchantment on lesser artefacts.


Message History

The ice devil disappears in a puff of smoke!
Your orc hits the deep elf high priest but does no damage.
Your orc knight roars a battlecry!
Your orcs go into a battle-frenzy!
A deep elf sorcerer and a deep elf death mage come into view.
The deep elf death mage is wielding a +0 dagger and wearing an orb of guile.
Bogbrand is engulfed in poison gas.
Bogbrand looks even sicker.
Your orc knight is engulfed in poison gas.
Your orc knight looks even sicker.
The deep elf high priest calls down the wrath of its god upon you.
Something smites you!
* * * LOW HITPOINT WARNING * * *
Your orc barely misses the deep elf high priest.
Something hits your orc!
Your orc dies!
The deep elf sorcerer casts a spell.
The deep elf sorcerer seems to speed up.
Your orc knight hits the deep elf high priest with a +0 long sword.
Items here: ))) [[[ ††.
You take 7 damage, and have 58/214 hp.
You slice the deep elf high priest!! You burn the deep elf high priest.
You kill the deep elf high priest!
Beogh accepts your kill.
Beogh appreciates your killing of a heretic priest.
Your orc knight roars a battlecry!
Your orc knight goes into a battle-frenzy!
The deep elf death mage beckons forth restless souls!
A deep elf sorcerer comes into view.
It is wielding a +0 glaive of distortion, wearing a +0 leather armour of poison resistance and wearing a ring "Dotutal" {*Slow rElec rF+ Dex+5 Stlth+}.
The deep elf sorcerer gestures wildly while chanting.
The deep elf sorcerer seems to speed up.
Your orc warrior barely misses the lost soul.
You slash the deep elf death mage! You burn the deep elf death mage.
The deep elf death mage is heavily wounded.
You hear a bellow!
Your orc knight roars a battlecry!
Your orc warrior goes into a battle-frenzy!
Bogbrand closely misses the deep elf death mage.
A deep elf high priest comes into view. It is wielding a +2 vampiric scimitar.
The deep elf sorcerer mumbles some strange words.
The deep elf sorcerer seems to speed up.
The deep elf death mage beckons forth restless souls!
You now have 0/27 mp.
You cut the deep elf death mage into ribbons!!!!
You burn the deep elf death mage.
The lost soul assumes the form of the deep elf death mage and becomes anchored to this world!
The deep elf sorcerer howls an incantation.
You feel disoriented.
Your orc knight hits the ghostly deep elf death mage with a +0 long sword!!
You barely miss the ghostly deep elf death mage.
The ghostly deep elf death mage is moderately damaged.
Your orc knight looks even sicker.
Bogbrand hits the ghostly deep elf death mage from afar with a +0 halberd of venom!!
The deep elf death mage gestures at you while chanting.
The bolt of negative energy hits the lost soul.
The lost soul completely resists.
The bolt of negative energy hits the lost soul.
The lost soul completely resists.
The bolt of negative energy hits you. You partially resist.
You feel drained.
* * * LOW HITPOINT WARNING * * *
The ghostly deep elf death mage barely misses your orc knight.
You take 3 damage, and have 58/212 hp.
You cut the ghostly deep elf death mage into ribbons!!!!
You burn the ghostly deep elf death mage.
You destroy the ghostly deep elf death mage!
Beogh accepts your kill.
The lost soul fades away! x2
Your orc knight is no longer regenerating.
The deep elf sorcerer gestures at you while chanting.
The sphere of damnation explodes!
The damnation engulfs you!!
* * * LOW HITPOINT WARNING * * *
The damnation engulfs your orc knight!!
The damnation engulfs Bogbrand!!
The damnation engulfs your orc knight!!
Your orc closely misses the lost soul.
Your orc knight is engulfed in poison gas.
Your orc knight looks as sick as possible!
The deep elf death mage beckons forth restless souls!
You take 28 damage, and have 30/213 hp.
You swap places.
The lost soul fades away!
Your orc warrior closely misses the deep elf death mage.
Your orc knight roars a battlecry!
Your orc warrior goes into a battle-frenzy!
Your orc high priest is engulfed in poison gas.
Your orc high priest is poisoned.
The deep elf sorcerer points at you and mumbles some strange words.
The bolt of acid hits your orc knight!!!
Your orc knight dies!
The bolt of acid hits Bogbrand!!
The acid corrodes Bogbrand!
The bolt of acid is repelled.
The deep elf sorcerer mumbles some strange words.
The deep elf sorcerer shimmers violently.
Bogbrand is engulfed in poison gas.
Bogbrand looks even sicker.
The deep elf death mage hits something with a +0 dagger!
The deep elf annihilator is engulfed in poison gas.
The deep elf annihilator is poisoned.
The deep elf annihilator gestures wildly while chanting.
The deep elf annihilator blinks!
Things that are here:
a +0 short sword; a +0 rapier; an elf corpse The deep elf sorcerer hits Bogbrand with a +0 long sword.
Your orc warrior hits the deep elf death mage with a +0 flail!
The deep elf sorcerer is engulfed in poison gas.
The deep elf sorcerer is poisoned.
The deep elf sorcerer hits Bogbrand but does no damage.
Your orc knight barely misses the deep elf sorcerer.
Bogbrand calls down the wrath of Beogh upon the deep elf sorcerer.
The deep elf sorcerer is smitten.
The deep elf death mage hits something but does no damage.
The deep elf sorcerer closely misses your orc knight.
Things that are here:
a +0 long sword; a +0 chain mail The deep elf sorcerer is engulfed in poison gas.
The deep elf sorcerer looks even sicker.
The deep elf sorcerer points at you and mumbles some strange words.
Bogbrand resists with significant effort.
The deep elf sorcerer gestures at you while chanting.
The bolt of acid hits your orc knight!!!
The acid corrodes your orc knight!
Your orc knight dies!
The bolt of acid hits your orc knight!!!
The acid corrodes your orc knight!
Your orc knight dies!
The bolt of acid hits you!!
* * * LOW HITPOINT WARNING * * *
The acid corrodes you!
Bogbrand hits the deep elf sorcerer with a +0 halberd of venom!!
The deep elf sorcerer looks as sick as possible!
The deep elf annihilator gestures wildly while chanting.
The deep elf annihilator blinks!
The deep elf death mage closely misses something.
The deep elf sorcerer looks as sick as possible!
The deep elf sorcerer hits Bogbrand with a +0 long sword!
Items here: $ ))))) [[[.
You take 28 damage, and have 4/213 hp.
You feel better.
The deep elf sorcerer hits Bogbrand with a +0 long sword.
The deep elf sorcerer wildly gestures.
You feel troubled.
The deep elf sorcerer hits Bogbrand with a +0 long sword!
Bogbrand hits the deep elf sorcerer with a +0 halberd of venom!
The deep elf sorcerer is no longer moving quickly.
The deep elf sorcerer looks more healthy.
The lost soul assumes the form of the deep elf sorcerer and becomes anchored to this world!
The deep elf death mage beckons forth restless souls!
The deep elf sorcerer gestures at you while chanting.
The bolt of acid hits your orc high priest!!!
The acid corrodes your orc high priest!
Your orc high priest dies!
The bolt of acid hits you!!!
You die...

#o# #.#
#.# #o#
#.# #o#
#.# #.#
#.#
#.#####
#.#
#...).###
## #.#
#.###)o.#
#. ###
### ##§☼#
## #@)#
#))# #).#
#§$# #o)#
#ee# .e4*
.☼e*e.
..##.oo


You could see a deep elf death mage (empowered), a deep elf annihilator
(empowered), 2 deep elf sorcerers, a ghostly deep elf sorcerer (empowered, ally
target), a chaos spawn (summoned), 2 lost souls, the friendly Bogbrand the orc
apostle (strong, regenerating, very poisoned, corroded, drained) and a friendly
orc warrior (strong).

Vanquished Creatures
  Nikola (Shoals:1)
  Jory (Vaults:2)
  2 deep elf blademasters (Elf:3)
  A kraken (Shoals:2)
  Aizul (Snake:1)
  Frances (Snake:1)
  The ghost of Refias Xutt the Devastator, a journeyman DrAl of Vehumet (Orc:1)
  An orc apostle (Elf:3)
  3 nagarajas
  5 vault wardens
  A deep elf elementalist (Elf:3)
  3 deep elf sorcerers
  6 ironbound preservers
  3 reapers (IceCv)
  An angel (Shoals:4)
  2 formless jellyfish
  A very ugly thing (IceCv)
  An apis (Shoals:4)
  4 deep elf death magi (Elf:3)
  3 deep elf demonologists
  10 dire elephants
  A deep elf annihilator (Elf:2)
  Josephine (D:13)
  4 merfolk javelineers
  5 merfolk impalers
  3 fire dragons
  3 hydras
  4 great orbs of eyes
  2 deep elf high priests (Elf:3)
  3 yaktaur captains
  2 vault guards (D:14)
  3 ironbound frosthearts
  6 merfolk aquamancers
  3 alligators (Shoals:1)
  An ogre mage (D:15)
  3 merfolk avatars (Shoals:2)
  6 anacondas
  8 centaur warriors
  3 boulder beetles
  2 catoblepae
  12 dancing weapons
  Erica (D:9)
  6 two-headed ogres
  11 naga warriors
  12 naga sharpshooters
  A tengu warrior (D:14)
  8 death yaks
  Urug (D:11)
  3 orc high priests
  10 shock serpents
  12 deep elf knights
  3 skysharks
  5 salamander mystics
  A shadow wraith (Vaults:2)
  2 goliath frogs (Shoals:1)
  A cherub (Shoals:4)
  5 sea snakes
  19 deep trolls
  A sixfirhy (Vaults:2)
  A glowing orange brain (Vaults:2)
  2 arcanists (Vaults:2)
  2 obsidian statues (IceCv)
  5 mana vipers
  Pikel (D:5)
  A bog body (IceCv)
  5 orc knights
  3 naga ritualists
  12 lindwurms
  7 ironbound convokers
  8 deep elf archers
  A lindwurm (shapeshifter) (Vaults:2)
  18 deep elf zephyrmancers
  17 harpies
  2 orc sorcerers (Orc:1)
  7 cyclopes
  An oklob plant (Shoals:2)
  25 deep elf pyromancers
  18 ugly things
  5 fauns
  Maurice (Orc:2)
  9 manticores
  13 salamanders
  9 vault sentinels
  9 elephants
  3 kobold blastminers
  A water nymph (shapeshifter) (Vaults:1)
  3 guardian serpents (Snake:4)
  10 merfolk sirens
  24 black mambas
  3 water nymphs
  3 orange demons (Shoals:2)
  Maggie (D:7)
  9 naga magi
  10 cane toads
  3 torpor snails
  4 komodo dragons
  3 freezing wraiths (IceCv)
  2 golden dragon simulacra (IceCv)
  24 yaktaurs
  An ice devil (Elf:2)
  9 merfolk
  6 trolls
  4 polar bears
  5 wind drakes
  7 hornets
  3 tyrant leeches (Lair:5)
  13 blink frogs
  3 snapping turtles
  3 dream sheep
  2 air elementals (Elf:3)
  46 yaks
  5 spriggans (Bailey)
  A vampire (D:8)
  A shadow (D:9)
  4 fire elementals
  6 basilisks
  31 slime creatures
  7 water elementals
  A ynoxinul (Vaults:2)
  6 wraiths
  4 humans
  6 wyverns
  3 steam dragons
  2 wargs
  8 vampire mosquitoes
  21 nagas
  2 acid dragons
  4 hydra simulacra (IceCv)
  10 water moccasins
  Pargi (Sewer)
  A sky beast (shapeshifter) (D:15)
  3 ettin simulacra (IceCv)
  17 orc warriors
  2 sky beasts
  A boggart (Vaults:1)
  8 ogres
  5 centaurs
  2 wolves
  A lemure (D:5)
  2 phantoms
  The ghost of CougarLife the Digger, an amateur GrEE (D:3)
  12 bullfrogs
  4 gnoll sergeants
  3 kobold brigands
  A deep troll simulacrum (IceCv)
  2 scorpions
  5 wights
  13 killer bees
  2 howler monkeys (D:11)
  2 electric eels (D:9)
  A quasit (D:6)
  3 jellies
  18 orc priests
  2 hounds (D:7)
  2 sleepcaps (D:6)
  5 iguanas
  16 orc wizards
  14 gnolls
  19 adders
  4 shadow imps
  4 white imps (D:6)
  3 ufetubi
  4 dart slugs
  2 ribbon worms (D:5)
  45 orcs
  4 ball pythons
  8 endoplasms
  4 giant cockroaches
  9 goblins
  9 hobgoblins
  4 jackals (D:1)
  15 kobolds
  8 quokkas
  9 bats
  A frilled lizard (D:2)
  5 rats
  A tentacle (Shoals:2)
1045 creatures vanquished.

Vanquished Creatures (collateral kills)
  Boris (Vaults:2)
  Rupert (Lair:4)
  A deep elf blademaster (Elf:2)
  A nagaraja (Snake:4)
  3 deep elf sorcerers (Elf:3)
  A deep elf elementalist (Elf:3)
  3 ironbound preservers (Vaults:2)
  A formless jellyfish (Vaults:1)
  An ironbound thunderhulk (Vaults:2)
  3 deep elf demonologists (Elf:3)
  3 dire elephants (Vaults:1)
  2 deep elf death magi (Elf:3)
  2 deep elf annihilators (Elf:3)
  The ghost of bearlyready the Cleaver, a journeyman CoMo of Okawaru (D:12)
  8 merfolk javelineers (Shoals:4)
  10 merfolk impalers
  A yaktaur captain (Vaults:2)
  A deep elf high priest (Elf:3)
  A caustic shrike simulacrum (IceCv)
  A salamander tyrant (Snake:1)
  5 hydras
  3 merfolk avatars (Shoals:4)
  An ironbound frostheart (D:14)
  4 centaur warriors
  4 alligator snapping turtles
  3 merfolk aquamancers
  The ghost of lucidstorm14 the Cleaver, a novice MiFi of Gozag (D:9)
  7 dancing weapons
  4 naga warriors
  2 anacondas
  4 death yaks (Lair:4)
  An orc high priest (Orc:2)
  An occultist (D:15)
  3 naga sharpshooters (Snake:4)
  2 shock serpents (Snake:4)
  5 deep elf knights
  A sixfirhy (Vaults:2)
  2 cherubim (Shoals:4)
  7 deep trolls
  4 sea snakes (Shoals:4)
  2 mana vipers
  A deep elf archer (Elf:2)
  2 naga ritualists (Snake:4)
  5 lindwurms
  2 harpies
  8 deep elf pyromancers
  An orc sorcerer (Orc:2)
  5 salamanders
  An orc knight (Shoals:2)
  3 ugly things
  5 deep elf zephyrmancers
  7 manticores
  2 oklob plants
  10 fauns
  5 elephants
  3 cyclopes (Shoals:4)
  6 naga magi
  A vault sentinel (Vaults:2)
  4 merfolk sirens
  9 black mambas
  3 water nymphs
  An eye of devastation (Lair:5)
  A guardian serpent (Snake:4)
  4 torpor snails (Lair:5)
  An unseen horror (D:13)
  A cane toad (Lair:3)
  13 yaktaurs
  An ice devil (IceCv)
  2 freezing wraiths (IceCv)
  3 rime drakes
  A komodo dragon (Lair:4)
  4 wind drakes
  22 merfolk
  3 hornets (Lair:5)
  6 snapping turtles
  5 blink frogs
  3 dream sheep
  A glass eye (Lair:5)
  5 slime creatures
  3 vampires
  3 wraiths
  6 water elementals
  A basilisk (D:15)
  A dire elephant simulacrum (IceCv)
  A fire bat (Orc:2)
  11 yaks
  A minotaur simulacrum (IceCv)
  A vampire mosquito (D:13)
  12 nagas
  An acid dragon (D:12)
  An ice beast (Vaults:2)
  4 orc warriors
  2 boggarts (Vaults:1)
  A wolf (Lair:5)
  3 ogres
  A kobold brigand (D:9)
  A bullfrog (D:9)
  An earth elemental (Elf:2)
  A deep troll simulacrum (IceCv)
  An electric eel (Lair:5)
  4 orc wizards
  2 orcs (Orc:2)
  7 foxfires
  A tentacle (Shoals:2)
343 creatures vanquished.

Vanquished Creatures (others)
  A deep elf sorcerer (Elf:3)
  10 orc apostles
  5 orc high priests
  A naga sharpshooter (Snake:4)
  5 orc knights
  An orc sorcerer (Orc:2)
  A kobold blastminer (Orc:2)
  A naga mage (Snake:3)
  2 nagas (Snake:3)
  5 orc warriors
  4 orc priests
  An orc wizard (Orc:2)
  8 orcs
  160 foxfires
  8 spectral weapons
  5 tentacles (Shoals:2)
218 creatures vanquished.

Grand Total: 1606 creatures vanquished

Notes
Turn   | Place    | Note
-------+----------+-------------------------------------------
     0 | D:1      | mdonais the Mountain Dwarf Fighter began the quest for the
                  | Orb.
     0 | D:1      | Reached XP level 1. HP: 19/19 MP: 1/1
    68 | D:1      | Reached XP level 2. HP: 26/26 MP: 2/2
   510 | D:1      | Reached XP level 3. HP: 28/33 MP: 3/3
  1344 | D:2      | Reached XP level 4. HP: 38/41 MP: 4/4
  2290 | D:3      | Found a bloodstained altar of Trog.
  2315 | D:3      | Found a runed translucent door.
  2435 | D:3      | Found a radiant altar of Vehumet.
  2635 | D:3      | Noticed CougarLife's ghost (amateur GrEE)
  2653 | D:3      | Reached skill level 5 in Fighting
  2653 | D:3      | Reached XP level 5. HP: 33/48 MP: 5/5
  2980 | D:4      | Found a white marble altar of Elyvilon.
  2984 | D:4      | You fall into a shaft and drop 1 floor!
  2984 | D:5      | Entered Level 5 of the Dungeon
  3053 | D:5      | Reached skill level 5 in Axes
  3193 | D:5      | Found a glowing drain.
  3197 | Sewer    | Entered a sewer
  3207 | Sewer    | Noticed Pargi
  3242 | Sewer    | Reached XP level 6. HP: 23/56 MP: 6/6
  3243 | Sewer    | Killed Pargi
  3432 | Sewer    | Identified the +2 rapier of Ziboss {venom, rPois rC+}
  3733 | D:5      | Found a staircase to the Ecumenical Temple.
  3748 | Temple   | Entered the Ecumenical Temple
  3896 | D:4      | Reached XP level 7. HP: 49/63 MP: 7/7
  4209 | D:4      | Found a shimmering altar of Xom.
  4214 | D:4      | Identified the +8 falchion of the Disturbing People
                  | {freeze, rC+}
  4228 | D:4      | Reached skill level 5 in Armour
  4493 | D:4      | Found Boeneifi's Book Shop.
  5266 | D:5      | Reached XP level 8. HP: 67/74 MP: 8/8
  5301 | D:5      | Noticed Pikel
  5338 | D:5      | Killed Pikel
  5652 | D:6      | Reached skill level 10 in Fighting
  6288 | D:6      | Reached XP level 9. HP: 53/85 MP: 9/9
  6450 | D:6      | Reached skill level 5 in Shields
  6889 | D:6      | Identified a scroll of acquirement
  7291 | D:7      | Reached skill level 10 in Axes
  7291 | D:7      | Acquired the amulet "Vulel" {Faith +Blink Regen+ Int+2}
  7293 | D:7      | Acquired a +1 broad axe of freezing
  7506 | D:7      | Reached skill level 1 in Evocations
  7550 | D:7      | Noticed Maggie
  7555 | D:7      | Killed Maggie
  7962 | D:7      | Found an ancient bone altar of Kikubaaqudgha.
  8232 | D:8      | Found a flagged portal.
  8260 | Bailey   | Entered a bailey
  8336 | Bailey   | Reached XP level 10. HP: 93/93 MP: 10/10
  8481 | Bailey   | Noticed a two-headed ogre
  8486 | Bailey   | Killed a two-headed ogre
  8533 | Bailey   | Identified the +4 steam dragon scales of Gueni {Int+3}
  8932 | D:8      | Found Saffi's Magic Scroll Boutique.
  8941 | D:8      | Bought a scroll of enchant armour for 82 gold pieces
  8941 | D:8      | Bought a scroll of identify for 22 gold pieces
  8941 | D:8      | Bought a scroll of identify for 22 gold pieces
  8941 | D:8      | Bought a scroll of identify for 22 gold pieces
  8941 | D:8      | Bought 2 scrolls of fear for 88 gold pieces
  9271 | D:9      | Found a runed translucent gate.
  9301 | D:9      | Found a runed translucent gate.
  9301 | D:9      | Found an opulent altar of Gozag.
  9301 | D:9      | Found a runed translucent gate.
  9303 | D:9      | Found Xotupn's Assorted Antiques.
  9303 | D:9      | Noticed a manticore
  9303 | D:9      | Noticed lucidstorm14's ghost (novice MiFi)
  9364 | D:9      | Found a shadowy altar of Dithmenos.
  9500 | D:9      | Noticed Erica
  9751 | D:9      | Identified the +1 dagger of Kigabbois {drain, rF++ MP+9
                  | Int+3}
  9770 | D:9      | Learned a level 2 spell: Blink
  9880 | D:9      | Found a staircase to the Orcish Mines.
 10252 | D:9      | Killed Erica
 10253 | D:9      | Reached XP level 11. HP: 94/101 MP: 11/11
 10535 | D:9      | Reached skill level 5 in Evocations
 10652 | D:10     | Entered Level 10 of the Dungeon
 10761 | D:10     | Found Zin's Purification Station.
 10761 | D:10     | Found a glowing silver altar of Zin.
 10766 | D:10     | Found a staircase to the Lair.
 11168 | D:10     | Found an iron altar of Okawaru.
 11327 | Orc:1    | Entered Level 1 of the Orcish Mines
 11493 | Orc:1    | Noticed an orc sorcerer
 11494 | Orc:1    | Paralysed by an orc sorcerer for 5 turns
 11502 | Orc:1    | Killed an orc sorcerer
 11725 | Orc:1    | Found a runed translucent door.
 11725 | Orc:1    | Found a shimmering altar of Xom.
 11725 | Orc:1    | Noticed Refias Xutt's ghost (journeyman DrAl)
 11726 | Orc:1    | Noticed a +2 long sword of chaos
 11769 | Orc:1    | Noticed an orc sorcerer
 11772 | Orc:1    | Killed an orc sorcerer
 11811 | Orc:1    | You fall into a shaft and drop 1 floor!
 11811 | Orc:2    | Entered Level 2 of the Orcish Mines
 11896 | Orc:2    | Noticed Maurice
 11904 | Orc:2    | Something stole the +1 dagger of Kigabbois {drain, rF++
                  | MP+9 Int+3}
 11911 | Orc:2    | Killed Maurice
 12155 | Orc:2    | Found Deqeivvy's Antique Armour Emporium.
 12164 | Orc:2    | Bought an ichor-stained plate armour for 868 gold pieces
 12164 | Orc:2    | Identified the +6 plate armour of the Forest {rCorr Int+3
                  | Dex+2} (You bought it in a shop on level 2 of the Orcish
                  | Mines)
 12195 | Orc:2    | Found a staircase to the Elven Halls.
 12256 | Orc:2    | Noticed an orc knight
 12256 | Orc:2    | Noticed an orc sorcerer
 12257 | Orc:2    | Noticed an orc sorcerer
 12264 | Orc:2    | Killed an orc sorcerer
 12264 | Orc:2    | Noticed an orc high priest
 12265 | Orc:2    | Reached XP level 12. HP: 112/112 MP: 12/12
 12269 | Orc:2    | Killed an orc high priest
 12276 | Orc:2    | Became a worshipper of Beogh the Shepherd
 12277 | Orc:2    | Found Ezeuf's Book Shop.
 12277 | Orc:2    | Found Naic's Weapon Shoppe.
 12278 | Orc:2    | Noticed an orc high priest
 12283 | Orc:2    | Noticed an orc high priest
 12291 | Orc:2    | Killed an orc high priest
 12294 | Orc:2    | Killed an orc high priest
 12353 | Orc:2    | Found Fogicris's Weapon Shoppe.
 12355 | Orc:2    | Found Xethra's General Store.
 12772 | Orc:1    | Found Zeocoyte's Book Shop.
 12912 | D:11     | Reached * piety under Beogh
 12913 | D:11     | Reached skill level 10 in Armour
 12913 | D:11     | Reached skill level 10 in Shields
 13015 | D:11     | Noticed a two-headed ogre
 13027 | D:11     | Killed a two-headed ogre
 13332 | D:11     | Noticed a two-headed ogre
 13339 | D:11     | Killed a two-headed ogre
 13434 | D:11     | Noticed a boulder beetle
 13449 | D:11     | Killed a boulder beetle
 13458 | D:11     | Noticed Urug
 13470 | D:11     | Killed Urug
 13496 | D:11     | Found a portal to a secret trove of treasure.
 13954 | Lair:1   | Entered Level 1 of the Lair of Beasts
 14123 | Lair:1   | Reached ** piety under Beogh
 14302 | Lair:1   | Reached XP level 13. HP: 99/118 MP: 13/13
 14821 | Lair:2   | Found a staircase to the Shoals.
 15404 | Lair:3   | Reached *** piety under Beogh
 15454 | Lair:3   | Identified the +9 plate armour of Refuge {rPois rCorr}
 15467 | Lair:3   | Anointed Boghold the warrior as your apostle
 15530 | Lair:3   | Found an ancient bone altar of Kikubaaqudgha.
 15760 | Lair:3   | Found a staircase to the Snake Pit.
 15794 | Lair:3   | Identified the +11 halberd of Valuable Assets {antimagic,
                  | *Rage rElec Will+ Dex+2}
 15804 | Lair:3   | Anointed Bogward the priest as your apostle
 16119 | Lair:4   | Reached skill level 15 in Axes
 16541 | Lair:4   | Reached **** piety under Beogh
 16542 | Lair:4   | Reached skill level 1 in Spellcasting
 16544 | Lair:4   | Your ally Boghold died
 16790 | Lair:4   | Noticed Rupert
 16797 | Lair:4   | Paralysed by Rupert for 3 turns
 16803 | Lair:4   | Reached XP level 14. HP: 94/127 MP: 6/17
 16804 | Lair:4   | Killed Rupert
 17749 | Lair:5   | Entered Level 5 of the Lair of Beasts
 17848 | Lair:5   | Found a viscous altar of Jiyva.
 17849 | Lair:5   | Found a staircase to the Slime Pits.
 18015 | Lair:5   | Identified the +2 robe "Soiqih" {Int+5}
 18024 | Lair:5   | Anointed Boruk the wizard as your apostle
 18182 | Lair:5   | Reached ***** piety under Beogh
 19726 | D:9      | Killed lucidstorm14's ghost
 19908 | D:3      | Killed CougarLife's ghost
 20110 | Orc:1    | Killed Refias Xutt's ghost
 20339 | D:12     | Reached XP level 15. HP: 139/139 MP: 14/19
 20677 | D:12     | Found a runed translucent door.
 20680 | D:12     | Noticed bearlyready's ghost (journeyman CoMo)
 20833 | D:12     | Killed bearlyready's ghost
 20871 | D:13     | Noticed Josephine
 20877 | D:13     | Killed Josephine
 21544 | D:13     | Reached skill level 15 in Fighting
 21548 | D:13     | Reached ****** piety under Beogh
 21555 | D:13     | Reached skill level 15 in Armour
 21953 | D:14     | Your ally Boghold died
 22481 | D:14     | Reached skill level 1 in Invocations
 22901 | D:14     | Found a gate to the Vaults.
 22997 | D:15     | Entered Level 15 of the Dungeon
 23257 | D:15     | Found a staircase to the Depths.
 24460 | Shoals:1 | Entered Level 1 of the Shoals
 24559 | Shoals:1 | Identified the +11 war axe of Armageddon {holy, Str+3}
 24587 | Shoals:1 | Acquired 713 gold pieces
 24717 | Shoals:1 | Noticed Nikola
 24724 | Shoals:1 | Your ally Boruk died
 24728 | Shoals:1 | Killed Nikola
 25002 | Shoals:1 | Found a runed translucent gate.
 25002 | Shoals:1 | Found a runed translucent gate.
 25003 | Shoals:1 | Found a runed translucent gate.
 25004 | Shoals:1 | Noticed Taer's ghost (adept CoFi)
 25207 | Shoals:1 | Reached skill level 5 in Invocations
 25207 | Shoals:1 | Reached XP level 16. HP: 140/152 MP: 17/20
 25603 | Shoals:2 | Anointed Ugrim the wizard as your apostle
 26013 | Shoals:2 | Noticed a kraken
 26025 | Shoals:2 | Killed a kraken
 26288 | Shoals:2 | Found a runed translucent door.
 26358 | Shoals:2 | Identified the +3 scale mail of Dithmenos's Generosity
                  | {-Cast rF++ Dex+2}
 26770 | Shoals:2 | Acquired the +9 executioner's axe "Death Rattle" {flame,
                  | +Blink Int+2}
 27158 | Shoals:3 | Found a transporter.
 27159 | Shoals:3 | Found a transporter.
 27162 | Shoals:3 | Found the +7 lajatang of Order {silver, rMut}
 27182 | Shoals:3 | Found a transporter.
 27182 | Shoals:3 | Identified the +0 scale mail of the Blacksmith {rPois rF+}
 27185 | Shoals:3 | Found a transporter.
 27459 | Shoals:3 | Found a transporter.
 27460 | Shoals:3 | Found a transporter.
 27472 | Shoals:3 | Found Yntoefiru's Antique Weapon Shoppe.
 28047 | Shoals:4 | Entered Level 4 of the Shoals
 28208 | Shoals:4 | Found a glowing golden altar of the Shining One.
 28216 | Shoals:4 | Reached XP level 17. HP: 78/161 MP: 13/23
 28423 | Shoals:3 | Anointed Bogbrand the priest as your apostle
 29133 | Shoals:4 | Found a glowing silver altar of Zin.
 29308 | Shoals:4 | Got a barnacled rune of Zot
 29401 | Shoals:4 | Found a white marble altar of Elyvilon.
 29422 | Shoals:4 | Identified the +5 crystal plate armour "Kiemomig" {rN+
                  | Dex+3}
 29575 | Shoals:4 | Identified the +7 demon whip of Uvvug {venom, Str+5}
 29977 | Snake:1  | Entered Level 1 of the Snake Pit
 30053 | Snake:1  | Noticed Frances
 30066 | Snake:1  | Killed Frances
 30541 | Snake:1  | Identified the serpent talisman "Ehyege Pakk" {rF- rC+
                  | Str+7 Int+4}
 30541 | Snake:1  | Noticed Aizul
 30552 | Snake:1  | Killed Aizul
 30784 | Snake:1  | Got the Papyrus of Prime Hexing
 31480 | Snake:2  | Found a snail-covered altar of Cheibriados.
 31480 | Snake:2  | You fall into a shaft and drop 1 floor!
 31480 | Snake:3  | Found Pairuj's Jewellery Shoppe.
 31480 | Snake:3  | Found Niud's Assorted Antiques.
 31480 | Snake:3  | Found Ragyegh's Antique Weapon Emporium.
 31480 | Snake:3  | Found Loippat's Weapon Emporium.
 31511 | Snake:3  | Bought a ring of protection from cold for 425 gold pieces
 31538 | Snake:3  | Reached XP level 18. HP: 170/170 MP: 15/24
 31553 | Snake:3  | Found a glacial archway.
 31573 | IceCv    | Entered an ice cave
 32956 | Snake:4  | Entered Level 4 of the Snake Pit
 33008 | Snake:4  | Your ally Bogward died
 33069 | Snake:4  | Your ally Boghold died
 33597 | Elf:1    | Entered Level 1 of the Elven Halls
 34066 | Elf:1    | Found Caphilev's Book Boutique.
 34067 | Elf:1    | Found Tashuig's Jewellery Shoppe.
 34068 | Elf:1    | Found Esonnacro's Book Boutique.
 34076 | Elf:1    | Bought the ring "Enaladgha" {rElec Will+ Stlth+} for 668
                  | gold pieces
 34080 | Elf:1    | Bought a manual of Fighting for 1040 gold pieces
 34452 | Elf:2    | Found Kozauf's Magic Scroll Shoppe.
 34463 | Elf:2    | Bought a scroll of teleportation for 51 gold pieces
 34463 | Elf:2    | Bought a scroll of teleportation for 51 gold pieces
 35001 | Elf:2    | Found a huge runed translucent gate.
 35001 | Elf:2    | Found a huge runed translucent gate.
 35001 | Elf:2    | Found a huge runed translucent gate.
 35001 | Elf:2    | Found a huge runed translucent gate.
 35006 | Elf:2    | Found a huge runed translucent gate.
 35305 | Elf:2    | Reached XP level 19. HP: 151/181 MP: 13/25
 35626 | Elf:2    | Identified the blade talisman "Dooky" {rF+ rN+ Will+}
 35726 | Elf:3    | Entered Level 3 of the Elven Halls
 35808 | Elf:3    | Paralysed by an air elemental for 1 turns
 36806 | Snake:3  | Bought a scroll of teleportation for 87 gold pieces
 36806 | Snake:3  | Bought a potion of haste for 290 gold pieces
 37967 | Snake:4  | Identified the +2 ring mail "Gitoes" {Str+3 SInv}
 38350 | Snake:4  | Got a serpentine rune of Zot
 38519 | Snake:2  | Identified the +9 scale mail "Fenwut" {Int+3}
 38528 | Snake:2  | Anointed Gorg the warrior as your apostle
 38948 | Vaults:1 | Entered Level 1 of the Vaults
 39111 | Vaults:1 | Your ally Bogbrand died
 39499 | Vaults:1 | Reached skill level 1 in Dodging
 39571 | Vaults:1 | Found Goank's General Store.
 39587 | Vaults:1 | Found Doicui's Antique Weapon Boutique.
 39588 | Vaults:1 | Found Hoj Ocse's Book Emporium.
 39808 | Vaults:1 | Found Xiolob's Antique Armour Emporium.
 39824 | Vaults:1 | Bought a pair of spiked gloves for 399 gold pieces
 39824 | Vaults:1 | Identified the +1 pair of gloves of Blue Satisfaction
                  | {Dex+2} (You bought it in a shop on level 1 of the Vaults)
 39825 | Vaults:1 | Bought a glowing scarf for 336 gold pieces
 39864 | Vaults:1 | Found Tuwnudip's Distillery.
 39873 | Vaults:1 | Bought a potion of might for 84 gold pieces
 39904 | Vaults:1 | Reached XP level 20. HP: 199/202 MP: 21/26
 39912 | Vaults:1 | Your ally Bogward died
 40504 | Vaults:2 | Identified the +4 robe of Elyvilon's Reproof {Harm rElec
                  | Regen+}
 40504 | Vaults:2 | Noticed Boris
 40511 | Vaults:2 | HP: 10/201 [Boris/iron shot (93)]
 40512 | Vaults:2 | Killed Boris
 40517 | Vaults:2 | HP: 3/203 [deep troll[an ironbound preserver] (14)]
 40761 | Vaults:2 | Reached skill level 5 in Dodging
 40913 | Vaults:2 | Your ally Bogward died
 40921 | Vaults:2 | Anointed Syrus the wizard as your apostle
 41821 | Vaults:2 | Noticed Jory
 41828 | Vaults:2 | Killed Jory
 42534 | Vaults:2 | Found Ruiwn's Armour Shop.
 42542 | Vaults:2 | Bought the scarf "Nohaucre" {repulsion, rPois rF+} for 479
                  | gold pieces
 43184 | Elf:3    | Your ally Syrus died
 43187 | Elf:3    | Reached XP level 21. HP: 162/214 MP: 7/27
 43200 | Elf:3    | Your ally Gorg died
 43206 | Elf:3    | Identified a ring "Dotutal" {*Slow rElec rF+ Dex+5 Stlth+}
 43213 | Elf:3    | HP: 4/213 [deep elf sorcerer/bolt of acid (30)]
 43214 | Elf:3    | Killed from afar by a deep elf sorcerer

Illustrated notes

Levels and vault maps discovered:
D:1:      dpeg_arrival_central, layout_basic
D:2:      layout_basic, minmay_bisected
D:3:      layout_basic, marbit_many_paths, lemuel_tele_altar,
          ebering_ghost_sewer_d
D:4:      layout_loops_corners, mainiacjoe_overflow_large_starburst,
          serial_shops, nicolae_diamond_shop, nicolae_twisty_statue_hallways
D:5:      layout_gridville, temple_green, gup_sewer_entry_spiral, uniq_pikel
D:6:      layout_rooms, serial_demonic, serial_demonic_g, serial_demonic_c,
          serial_demonic_b, serial_demonic_e, minmay_fractal_squares_5
D:7:      layout_basic, old_standard_altar, minmay_manual_mullet, uniq_maggie
D:8:      layout_loops_ring, serial_shops, shop, enter_bailey_5
D:9:      layout_loops_corners, grunt_dithmenos_shadows, erik_orc_2,
          ebering_ghost_gozag, uniq_erica
D:10:     layout_cave_pools, okawaru_humans, zin_purify,
          kennysheep_generic_room_9
D:11:     layout_loops_corners, nicolae_trove_entry_diagonal, nicolae_wand_duel,
          uniq_urug
D:12:     layout_roguey, ebering_ghost_inner_flame
D:13:     layout_long_grid, uniq_josephine
D:14:     layout_roguey, hellmonk_vaults_keyhole,
          hangedman_abyss_or_decor_clamps
D:15:     grunt_enter_depths_hoard, layout_grid_maze,
          nicolae_figureground_pulse, due_unseen_surprise
Temple:   nicolae_temple_bog_church
Lair:1:   layout_cellular_growth, pdpol_lair_neglected_garden
Lair:2:   layout_chaotic_city, nicolae_shoals_entry_roost, beast_lair_carwin_2
Lair:3:   layout_long_grid, dummy_snake_entry, basic_altar,
          amcnicky_mini_pool_medium
Lair:4:   beast_lair_carwin_large_2, layout_layer_cave, uniq_rupert
Lair:5:   hangedman_lair_in_review, layout_hall_layers, wormcave,
          minmay_slime_entry_eyes, grunt_forest_small_clearings,
          serial_bayou_lake_a
Shoals:1: layout_shoals, gammafunk_ghost_tricky_traps,
          nicolae_shoals_goliath_grotto, uniq_nikola
Shoals:2: nicolae_shoals_offshore_bank_account, layout_shoals,
          nicolae_shoals_this_corrosion
Shoals:3: layout_shoals, serial_shops, shop, serial_nicolae_subway,
          nicolae_sub_station_metal, nicolae_sub_station_stone,
          nicolae_sub_station_crystal
Shoals:4: shoals_end_hellmonk_holy_island
Snake:1:  layout_rooms, grunt_ministairs_11, serial_library_hellmonk_metal_room,
          uniq_frances, uniq_aizul
Snake:2:  layout_cave_shapes, basic_altar
Snake:3:  layout_cave_pods, portal_ice_cave_entry_ugly_swarm, minmay_shoptagon
Snake:4:  snake_pit_salamanders_mu, layout_misc_corridors,
          hangedman_snake_wide_pillar_pass
Orc:1:    layout_caves, serial_shops, shop, ebering_ghost_xom
Orc:2:    st_orc_elflike, layout_caves, serial_shops,
          nicolae_shop_tiny_waterfront, uniq_maurice
Elf:1:    minmay_elf_arrival_circle, layout_geoelf_octagon, minmay_shop_grove
Elf:2:    elven_hall_of_blades_hangedman_alternative [grunt_blade_entry_basic],
          layout_geoelf_diagonals, serial_shops, shop
Elf:3:    minmay_elf_hall_spiked, layout_gridlike
Vaults:1: v_misc_3, nicolae_vaults_door_testing_chamber,
          nicolae_vaults_doubleplus_tesselated, ontoclasm_vaults_shuriken,
          nicolae_vaults_spaceships, nicolae_vaults_storage_room_doors,
          nicolae_vaults_triangles, nicolae_vaults_mini_display_case,
          layout_vaults_big_room, serial_shops, shop, shop, shop,
          nicolae_shop_tiny_glass, shop
Vaults:2: vaults_room_hallway, vaults_room_fours, nicolae_vaults_arrows,
          nicolae_vaults_angled_halls, nicolae_vaults_shipping_containers_6,
          hangedman_vaults_cutoff, v_misc_32, v_rooms_6, serial_ice_g,
          nicolae_vaults_alarming, nicolae_vaults_offset_grid_hallway_1,
          nicolae_vaults_apartment_1, vaults_room_pool, nicolae_vaults_cochlea,
          ontoclasm_vaults_ring_square, layout_vaults_omnibox, serial_shops,
          shop_fountains, uniq_margery, uniq_jory, uniq_boris

Skill      XL: |  1  2  3  4  5  6  7  8  9 10 11 12 13 14 15 16 17 18 19 20 |
---------------+-------------------------------------------------------------+-----
Axes           | 3 4 5 6 7 10 11 14 16 18 19 22 24 | 24.0
Fighting       | 4 5 6 7 10 12 14 16 17 18 22 24 | 24.0
Armour         | 4 6 8 11 12 14 15 16 18 20 | 20.8
Shields        | 4 6 8 11 12 13 | 13.6
Evocations     | 3 4 5 7 8 9 |  9.0
Throwing       | 3 4 |  4.0
Spellcasting   | 2 3 4 |  4.0
Invocations    | 5 7 8 |  8.0
Dodging        | 2 7 |  7.7
Translocations | |  0.1

Action                     |  1- 3 |  4- 6 |  7- 9 | 10-12 | 13-15 | 16-18 | 19-21 || total
---------------------------+-------+-------+-------+-------+-------+-------+-------++-------
  Melee: War axe           |   111 |   221 |   159 |       |    17 |       |       ||   508
         Falchion          |       |       |    96 |       |       |       |       ||    96
         Broad axe         |       |       |    60 |   486 |   588 |   101 |       ||  1235
         Executioner's axe |       |       |       |       |       |   538 |   580 ||  1118
  Throw: Boomerang         |       |     2 |     4 |     9 |       |       |       ||    15
         Dart              |       |       |       |     7 |     1 |       |       ||     8
 Invoke: Convert to Beogh  |       |       |       |     1 |       |       |       ||     1
         Recruit Apostle   |       |       |       |       |     3 |     2 |     2 ||     7
         Recall Apostles   |       |       |       |       |     3 |    10 |     4 ||    17
         Dismiss Apostle   |       |       |       |       |       |     2 |     2 ||     4
         Smiting           |       |       |       |       |       |     1 |       ||     1
         Blood for Blood   |       |       |       |       |       |     1 |     2 ||     3
  Evoke: Wand              |       |       |     4 |    17 |    12 |     1 |       ||    34
         Lightning rod     |       |       |       |       |       |     4 |       ||     4
    Use: Potion            |     1 |     2 |     4 |     6 |     2 |     6 |     3 ||    24
         Scroll            |       |     6 |    10 |    12 |     4 |    14 |     4 ||    50
   Stab: Distracted        |       |       |       |     2 |    14 |    21 |    14 ||    51
         Petrified         |       |       |       |       |     2 |       |       ||     2
         Paralysed         |       |       |       |       |       |     4 |       ||     4
 Armour: Scale mail        |    95 |   198 |    86 |       |       |       |       ||   379
         Skin              |       |       |    35 |       |       |       |       ||    35
         Chain mail        |       |       |   157 |   187 |       |       |       ||   344
         Steam dragon scal |       |       |       |    25 |       |       |       ||    25
         Plate armour      |       |       |       |   166 |   455 |   437 |       ||  1058
         Crystal plate arm |       |       |       |       |       |   379 |   664 ||  1043
  Dodge: Dodged            |    56 |   121 |    92 |   107 |   111 |   167 |   152 ||   806
         Repelled          |       |       |       |       |       |       |     3 ||     3
  Block: Buckler           |    19 |    59 |    36 |       |       |       |       ||   114
         Kite shield       |       |       |    36 |   217 |   270 |    82 |       ||   605

Table legend: (Time is in decaauts)
 A = Elapsed time spent in this place.
 B = Non-inter-level travel time spent in this place.
 C = Inter-level travel time spent in this place.
 D = Time resting spent in this place.
 E = Time spent auto-exploring this place.
 F = Levels seen in this place.
 G = Mean time per level.
                   A        B        C        D        E       F      G
               +--------+--------+--------+--------+--------+-----+--------+
         Total |  43110 |  39425 |   3685 |   1816 |  29719 |  39 | 1105.4 |
       Dungeon |  16905 |  15258 |   1647 |    703 |  11632 |  15 | 1127.0 |
        Temple |      5 |      5 |      0 |      0 |      0 |   1 |    5.0 |
          Lair |   6169 |   5483 |    686 |      0 |   4626 |   5 | 1233.8 |
        Shoals |   5423 |   5269 |    154 |    503 |   3482 |   4 | 1355.8 |
     Snake Pit |   4896 |   4374 |    522 |    262 |   3215 |   4 | 1224.0 |
  Orcish Mines |   1651 |   1393 |    258 |     63 |    964 |   2 |  825.5 |
   Elven Halls |   3162 |   2916 |    246 |     91 |   2310 |   3 | 1054.0 |
        Vaults |   3716 |   3546 |    170 |      0 |   2976 |   2 | 1858.0 |
         Sewer |    384 |    384 |      0 |    122 |    140 |   1 |  384.0 |
        Bailey |    341 |    341 |      0 |     55 |    126 |   1 |  341.0 |
      Ice Cave |    454 |    454 |      0 |     17 |    246 |   1 |  454.0 |
               +--------+--------+--------+--------+--------+-----+--------+

Top non-repeatable levels by time:
Vaults:2: 2067 daAuts
     D:9: 1924 daAuts
  Lair:4: 1807 daAuts
  Lair:5: 1782 daAuts
 Snake:4: 1696 daAuts
Vaults:1: 1648 daAuts
     D:5: 1577 daAuts
Shoals:4: 1570 daAuts
Shoals:2: 1502 daAuts
 Snake:3: 1370 daAuts
     D:7: 1353 daAuts
Shoals:3: 1315 daAuts
   Elf:2: 1315 daAuts
    D:14: 1179 daAuts
    D:15: 1165 daAuts
